 Dungeon Crawl Stone Soup version 0.26-a0-831-g7192265339 (webtiles) character file.

Game seed: 5649916167312990711

12476 robertstho the Protected (level 11, -6/101 HPs)
             Began as a Minotaur Abyssal Knight on Nov 15, 2020.
             Was a High Priest of Lugonu.
             Mangled by a red ugly thing (10 damage)
             ... on level 11 of the Dungeon.
             The game lasted 00:17:31 (11949 turns).

robertstho the Protected (Minotaur Abyssal Knight) Turns: 11949, Time: 00:17:31

Health: -6/101     AC: 10    Str: 21    XL:     11   Next: 62%
Magic:  15/15      EV:  9    Int:  4    God:    Lugonu [*****.]
Gold:   626        SH:  8    Dex: 12    Spells: 10/10 levels left

rFire    + . .     SeeInvis .   p - +2 trident (venom)
rCold    . . .     Faith    .   L - +0 kite shield
rNeg     + . .     Spirit   .   D - +0 swamp dragon scales
rPois    +         Reflect  .   (helmet restricted)
rElec    .         Harm     .   v - scarf {repulsion}
rCorr    .         Rampage  .   (no gloves)
MR       .....                  (no boots)
Stlth    ..........             (no amulet)
HPRegen  0.26/turn              J - ring "Kuech" {rF+ rN+ Int-5 Dex+3 Stlth-}
MPRegen  0.14/turn              g - +4 ring of slaying

@: about to teleport, repel missiles
A: retaliatory headbutt, horns 2
a: Depart the Abyss, Bend Space, Banish, Corrupt, Enter the Abyss, Renounce
Religion


You were on level 11 of the Dungeon.
You worshipped Lugonu.
Lugonu was extremely pleased with you.
You visited 1 branch of the dungeon, and saw 11 of its levels.
You visited the Abyss 1 time.
You also visited: Sewer.

You collected 879 gold pieces.
You spent 253 gold pieces at shops.

Inventory:

Hand Weapons
 a - a +1 hand axe
 p - a +2 trident of venom (weapon)
 A - a +4 spear of flaming
Missiles
 d - 87 poisoned darts (quivered)
 i - 20 boomerangs
Armour
 v - a scarf of repulsion (worn)
 D - +0 swamp dragon scales (worn)
 H - a +0 plate armour
 L - a +0 kite shield (worn)
 M - +0 acid dragon scales
Jewellery
 c - an uncursed ring of ice
 g - a +4 ring of slaying (right hand)
 r - an uncursed ring of protection from fire
 t - an uncursed ring of fire
 w - an uncursed ring of ice
 y - an uncursed ring of flight
 J - the ring "Kuech" (left hand) {rF+ rN+ Int-5 Dex+3 Stlth-}
   (You found it on level 10 of the Dungeon)

   [ring of attention]

   It affects your intelligence (-5).
   It affects your dexterity (+3).
   It protects you from fire.
   It protects you from negative energy.
   It makes you less stealthy.
Wands
 e - a wand of flame (16)
 l - a wand of acid (14)
 u - a wand of paralysis (9)
 B - a wand of digging (3)
 C - a wand of enslavement (13)
 F - a wand of random effects (9)
Scrolls
 f - 3 scrolls of enchant armour
 j - 6 scrolls of teleportation
 k - 2 scrolls of fog
 m - 14 scrolls of remove curse
 n - a scroll of magic mapping
 o - a scroll of brand weapon {unknown}
 x - 4 scrolls of immolation
 I - a scroll of enchant weapon {unknown}
 K - 5 scrolls of identify
Potions
 b - 2 potions of flight
 h - a potion of invisibility
 q - 3 potions of brilliance
 z - a potion of haste
 E - a potion of cancellation
Miscellaneous
 G - a lightning rod (4/4)


   Skills:
 * Level 10.8 Fighting
 + Level 6.8(9.8) Axes
 + Level 11.0(11.7) Polearms
 + Level 1.0 Throwing
 * Level 11.9 Armour
 + Level 3.3 Dodging
 + Level 0.9 Stealth
 + Level 1.0 Shields
 * Level 7.3 Invocations
 + Level 0.3 Evocations


You had 10 spell levels left.
You didn't know any spells.
Your spell library contained the following spells:

 Spells                   Type           Power        Failure   Level
 Magic Dart               Conj           #...         99%         1
 Summon Small Mammal      Summ           #...         99%         1
 Blink                    Tloc           N/A          100%        2
 Call Imp                 Summ           #.......     100%        2
 Slow                     Hex            #.......     100%        2
 Call Canine Familiar     Summ           #.......     100%        3
 Conjure Flame            Conj/Fire      #.......     100%        3
 Mephitic Cloud           Conj/Pois/Air  #.......     100%        3
 Summon Guardian Golem    Hex/Summ       #.......     100%        3
 Summon Ice Beast         Ice/Summ       #.......     100%        4
 Summon Lightning Spire   Summ/Air       #.......     100%        4


Dungeon Overview and Level Annotations

Branches:
Dungeon (11/15)            Temple (0/1) D:6            Lair (0/6) D:11
  Sewer (visited)
    Orc: D:9-12

Altars:
Cheibriados
Hepliaklqana
Ru
Wu Jian

Shops:
D:4 [[!*   D:11 ?

Annotations:
D:4 potion shop 1870 armout


Innate Abilities, Weirdness & Mutations

You reflexively headbutt those who attack you in melee.
You have a pair of horns on your head.


Message History

* * * LOW HITPOINT WARNING * * *
You are engulfed in flames!
You resist.
* * * LOW HITPOINT WARNING * * *
You feel better. You block something's attack.
The red ugly thing claws you but does no damage.
The red ugly thing looks more healthy.
You block something's attack. Something hits you.
* * * LOW HITPOINT WARNING * * *
Something hits you but does no damage. Something hits you but does no damage.
As you read the scroll of teleportation, it crumbles to dust.
You feel strangely unstable. Something hits you but does no damage.
The red ugly thing closely misses you. Something hits you but does no damage.
You see here a potion of curing.
You feel better. Something hits you but does no damage.
The red ugly thing claws you!
* * * LOW HITPOINT WARNING * * *
You are engulfed in flames!
You resist.
You die...

#.)................#.........
##.#................#........
#.##..................(..#..
###.......[.....#...........
#..#...............#.....
####..........#...#..##.
.............##.....## .
........u#.######(###
.......@.### #.# ...##...##
## #....# ###.## #. ##


You could see a red ugly thing.

Vanquished Creatures
  3 two-headed ogres
  The ghost of Rennog the Chopper, a novice DDFi of Elyvilon (D:6)
  An elephant (D:11)
  Maggie (D:9)
  A troll (D:6)
  Grinder (D:5)
  Sigmund (D:3)
  A shadow (D:11)
  12 yaks
  3 wyverns
  2 basilisks (D:11)
  2 steam dragons
  An acid dragon (D:11)
  3 ice beasts
  Purgy (Sewer)
  5 orc warriors
  2 sky beasts
  A black bear (D:8)
  An eye of draining (D:11)
  8 ogres
  3 phantoms
  4 centaurs
  A big kobold (D:8)
  7 bullfrogs
  2 gnoll sergeants (D:8)
  3 scorpions
  A water moccasin skeleton (D:10)
  16 killer bees
  4 howler monkeys
  A centaur zombie (D:7)
  6 hounds
  2 jellies
  6 orc priests
  2 centaur skeletons
  A gnoll shaman (D:7)
  12 orc wizards
  2 iguanas
  10 worker ants
  A killer bee zombie (D:6)
  A hound zombie (D:4)
  A hound skeleton (D:10)
  6 gnolls
  8 adders
  3 river rats (D:3)
  A shadow imp (D:5)
  6 white imps
  A worker ant simulacrum (D:6)
  2 ufetubi
  7 dart slugs
  2 worms
  5 leopard geckos
  37 orcs
  4 ball pythons
  10 giant cockroaches
  12 goblins
  10 hobgoblins
  5 jackals
  2 quokkas
  4 bats
  9 frilled lizards
  A jackal simulacrum (D:6)
  A jackal skeleton (D:6)
  2 jackal zombies
  15 kobolds
  2 leopard gecko simulacra (D:6)
  A quokka skeleton (D:5)
  11 rats
304 creatures vanquished.

Notes
Turn   | Place    | Note
-------+----------+-------------------------------------------
     0 | Abyss:1  | robertstho the Minotaur Abyssal Knight began the quest for
                  | the Orb.
     0 | Abyss:1  | Reached XP level 1. HP: 19/19 MP: 1/1
    44 | D:1      | Escaped the Abyss
   290 | D:1      | Reached * piety under Lugonu
   291 | D:1      | Reached XP level 2. HP: 26/27 MP: 2/2
   833 | D:1      | Reached XP level 3. HP: 29/34 MP: 3/3
  1087 | D:2      | You fall into a shaft and drop 1 floor!
  1146 | D:3      | Reached skill level 5 in Fighting
  1146 | D:3      | Reached XP level 4. HP: 24/42 MP: 4/4
  1261 | D:3      | Found a glowing drain.
  1264 | D:3      | Noticed Sigmund
  1267 | D:3      | Reached ** piety under Lugonu
  1317 | Sewer    | Entered a sewer
  1366 | Sewer    | Noticed Purgy
  1373 | Sewer    | Killed Purgy
  1374 | Sewer    | Reached XP level 5. HP: 36/48 MP: 5/5
  1614 | D:3      | Killed Sigmund
  1615 | D:3      | Reached skill level 5 in Axes
  1615 | D:3      | Reached XP level 6. HP: 22/56 MP: 5/7
  2347 | D:4      | Reached skill level 1 in Throwing
  2430 | D:4      | Found Essuone's Distillery.
  2438 | D:4      | Reached XP level 7. HP: 42/62 MP: 8/8
  2472 | D:4      | Reached skill level 5 in Armour
  2663 | D:4      | Bought a potion of heal wounds for 55 gold pieces
  2663 | D:4      | Bought a potion of curing for 33 gold pieces
  2663 | D:4      | Bought a potion of berserk rage for 55 gold pieces
  2675 | D:4      | Found Boachala's General Store.
  2679 | D:4      | Reached *** piety under Lugonu
  2712 | D:4      | Found Luamowy's Antique Armour Emporium.
  2729 | D:4      | Bought a scroll of identify for 20 gold pieces
  2784 | D:4      | Found Utelueg's Antique Armour Shop.
  3103 | D:5      | Entered Level 5 of the Dungeon
  3128 | D:5      | Noticed Grinder
  3129 | D:5      | Reached skill level 1 in Polearms
  3129 | D:5      | Reached XP level 8. HP: 54/71 MP: 9/9
  3143 | D:5      | Killed Grinder
  3422 | D:5      | You fall into a shaft and drop 3 floors!
  3710 | D:8      | Reached XP level 9. HP: 72/79 MP: 11/11
  3720 | D:8      | Reached skill level 5 in Polearms
  3949 | D:8      | Reached skill level 5 in Invocations
  4148 | D:8      | Reached **** piety under Lugonu
  4152 | D:8      | Noticed a two-headed ogre
  5203 | D:7      | Reached XP level 10. HP: 90/90 MP: 13/13
  5392 | D:6      | Found a runed translucent gate.
  5399 | D:6      | Found a runed translucent gate.
  5399 | D:6      | Found a runed translucent gate.
  5451 | D:6      | Found a staircase to the Ecumenical Temple.
  5713 | D:6      | Noticed Rennog's ghost (novice DDFi)
  5901 | D:6      | Found a snail-covered altar of Cheibriados.
  6230 | D:6      | Killed Rennog's ghost
  6231 | D:6      | Reached skill level 10 in Armour
  6785 | D:5      | Found a hazy altar of Hepliaklqana.
  7049 | D:2      | Reached ***** piety under Lugonu
  7859 | D:8      | Killed a two-headed ogre
  8529 | D:8      | Found a sacrificial altar of Ru.
  8807 | D:9      | Noticed Maggie
  8811 | D:9      | Found an ornate altar of the Wu Jian Council.
  8816 | D:9      | Killed Maggie
  9282 | D:10     | Entered Level 10 of the Dungeon
  9498 | D:10     | Reached XP level 11. HP: 93/99 MP: 14/14
  9526 | D:10     | Noticed a two-headed ogre
  9531 | D:10     | Killed a two-headed ogre
  9620 | D:10     | Noticed a two-headed ogre
  9629 | D:10     | Killed a two-headed ogre
  9630 | D:10     | Reached skill level 10 in Fighting
  9630 | D:10     | Reached skill level 10 in Polearms
 10131 | D:10     | Got a translucent turquoise ring
 10169 | D:10     | Found the +9 staff of Wucad Mu {channel}
 10572 | D:10     | Identified the ring "Kuech" {rF+ rN+ Int-5 Dex+3 Stlth-}
                  | (You found it on level 10 of the Dungeon)
 10803 | D:11     | Found Lousuxia's Magic Scroll Emporium.
 11164 | D:11     | Bought a scroll of identify for 20 gold pieces
 11164 | D:11     | Bought a scroll of identify for 20 gold pieces
 11164 | D:11     | Bought a scroll of identify for 20 gold pieces
 11164 | D:11     | Bought a scroll of teleportation for 30 gold pieces
 11408 | D:11     | Reached skill level 1 in Shields
 11798 | D:11     | Found a staircase to the Lair.
 11923 | D:11     | Noticed a red ugly thing
 11941 | D:11     | HP: 3/101 [red ugly thing (8)]
 11949 | D:11     | HP: 4/101 [red ugly thing (9)]
 11949 | D:11     | Mangled by a red ugly thing

Illustrated notes

Levels and vault maps discovered:
D:1:      minmay_arrival_up_and_down, layout_loops_cross
D:2:      cheibrodos_old_hovel, layout_basic
D:3:      layout_basic, portal_sewer_entry_c, uniq_sigmund
D:4:      layout_rooms, serial_shops, nicolae_shop_statue_plus,
          nicolae_shop_stone, shop_fountains, shop_fountains
D:5:      layout_loops_cross, overflow_temple_1_default, uniq_grinder
D:6:      layout_basic, minmay_temple_entry_nine_rooms, gammafunk_ghost_icy,
          basic_altar
D:7:      layout_rooms, chequers_serial_rivers_micro_e
D:8:      cheibrodos_barr_body, layout_basic, nicolae_ru_path_of_blood
D:9:      layout_long_grid, basic_altar, uniq_maggie
D:10:     layout_roguey, minmay_increasing_density
D:11:     layout_cave_pools, david_lair_generic, serial_shops, bzr_entry_road,
          shop_fountains, shop, shop

Skill      XL: |  1  2  3  4  5  6  7  8  9 10 11 |
---------------+----------------------------------+-----
Fighting       | 4 5 6 7 8 9 10 | 10.8
Invocations    | 2 3 4 5 6 7 |  7.3
Armour         | 3 4 6 7 9 11 | 11.9
Axes           | 3 4 5 6 |  6.8
Dodging        | 2 3 |  3.3
Throwing       | 1 |  1.0
Polearms       | 1 4 7 9 11 | 11.0
Shields        | 1 |  1.0
Stealth        | |  0.9
Evocations     | |  0.3

Action                   |  1- 3 |  4- 6 |  7- 9 | 10-12 || total
-------------------------+-------+-------+-------+-------++-------
Melee: Hand axe          |    69 |   104 |    15 |       ||   188
       Headbutt          |     6 |    15 |    29 |    74 ||   124
       Trident           |       |       |   215 |   416 ||   631
Throw: Dart              |       |    13 |       |       ||    13
Invok: Depart the Abyss  |     1 |       |       |       ||     1
       Banish            |       |       |     1 |       ||     1
Evoke: Wand              |       |       |       |     4 ||     4
  Use: Potion            |       |     4 |     6 |    12 ||    22
       Scroll            |       |     3 |    10 |     5 ||    18
 Stab: Invisible         |       |     1 |       |       ||     1
Armor: Leather armour    |    14 |       |       |       ||    14
       Skin              |       |    20 |       |       ||    20
       Chain mail        |       |    47 |    92 |    48 ||   187
       Swamp dragon scal |       |       |       |    78 ||    78
Dodge: Dodged            |    43 |    50 |    77 |   122 ||   292
       Repelled          |       |       |       |     2 ||     2
Block: Kite shield       |       |       |       |    31 ||    31

Table legend: (Time is in decaauts)
 A = Elapsed time spent in this place.
 B = Non-inter-level travel time spent in this place.
 C = Inter-level travel time spent in this place.
 D = Time resting spent in this place.
 E = Time spent auto-exploring this place.
 F = Levels seen in this place.
 G = Mean time per level.
                   A        B        C        D        E       F      G
               +--------+--------+--------+--------+--------+-----+--------+
         Total |  11908 |  11456 |    452 |   1038 |   8454 |  13 |  916.0 |
       Dungeon |  11580 |  11128 |    452 |   1038 |   8212 |  11 | 1052.7 |
         Abyss |     43 |     43 |      0 |      0 |     24 |   1 |   43.0 |
         Sewer |    284 |    284 |      0 |      0 |    218 |   1 |  284.0 |
               +--------+--------+--------+--------+--------+-----+--------+

Top non-repeatable levels by time:
     D:8: 1553 daAuts
    D:11: 1335 daAuts
    D:10: 1288 daAuts
     D:7: 1155 daAuts
     D:6: 1090 daAuts
     D:1: 1037 daAuts
     D:3: 1020 daAuts
     D:5: 871 daAuts
     D:4: 799 daAuts
     D:2: 788 daAuts
     D:9: 641 daAuts
   Sewer: 284 daAuts
 Abyss:1: 43 daAuts
